 Dungeon Crawl Stone Soup version 0.31-a0-1082-g7d1fb776a8 (webtiles) character file.

Game seed: 3094826309835322059

1898 Flugslaktarn the Mimic (level 9, 0/62 HPs)
             Began as an Octopode Shapeshifter on Nov 28, 2023.
             Was an Initiate of Ashenzari.
             Slain by a white imp (4 damage)
             ... on level 7 of the Dungeon.
             The game lasted 00:04:02 (8766 turns).

Flugslaktarn the Mimic (Octopode Shapeshifter)      Turns: 8766, Time: 00:04:03

Health: 0/62       AC: -3    Str: 13    XL:     9   Next: 15%
Magic:  9/9        EV: 13    Int: 12    God:    Ashenzari [......]
Gold:   346        SH:  0    Dex: 16    Spells: 8/8 levels left

rFire   . .          .
                       - Unarmed
rCold   . . .        (shield currently unavailable)
rNeg    . . .        (helmet restricted)
rPois   .            (no amulet)
rElec   .            m - ring of willpower
rCorr   .            (no ring)
SInv    .            (no ring)
Will    +....        (no ring)
Stlth   +            (no ring)
HPRegen 0.30/turn    (no ring)
MPRegen 0.11/turn    (no ring)
                     (no ring)

%: no passive effects
@: flux-form, marked, corroded, glowing
A: glow, contaminating, almost no armour, amphibious, 8 rings, camouflage 1,
gelatinous body 1, (nimble swimmer 1), tentacles
a: Begin Untransformation, Renounce Religion


You were on level 7 of the Dungeon.
You worshipped Ashenzari.
Ashenzari was noncommittal.
You were something dangerously unstable.
You visited 2 branches of the dungeon, and saw 8 of its levels.

You collected 346 gold pieces.

Inventory:

Jewellery
 e - a ring of fire
   (You found it on level 5 of the Dungeon)
 m - a ring of willpower (left tentacle)
   (You found it on level 7 of the Dungeon)
Talismans
 b - a beast talisman
 c - a flux talisman (active)
 f - a blade talisman
   (You found it on level 6 of the Dungeon)
Wands
 o - a wand of acid (2)
   (You found it on level 7 of the Dungeon)
Scrolls
 a - a scroll of immolation
 h - 2 scrolls of fog
 i - a scroll of blinking {unknown}
 k - 2 scrolls of poison
 r - 2 scrolls of identify
 t - 3 scrolls of teleportation
Potions
 d - 2 potions of lignification
 g - a potion of resistance {unknown}
 j - 2 potions of berserk rage {unknown}
 l - a potion of enlightenment {unknown}
 n - a potion of brilliance
 q - 5 potions of curing
 w - 2 potions of heal wounds


   Skills:
 + Level 5.8 Fighting
 - Level 2.0 Dodging
 + Level 6.5 Unarmed Combat
 * Level 8.1 Shapeshifting


You had 8 spell levels left.
You didn't know any spells.
Your spell library was empty.

Dungeon Overview and Level Annotations

Branches:
Dungeon (7/15)             Temple (1/1) D:6

Altars:
Ashenzari
Cheibriados
Dithmenos
Fedhas
Gozag
Kikubaaqudgha
Makhleb
Nemelex Xobeh
Qazlal
Ru
Sif Muna
Trog
Uskayaw
Vehumet
Wu Jian
Xom
Yredelemnul
The Shining One

Shops:
D:4 (:(=(

Annotations:
D:5 3 runed translucent doors, Karim's ghost, novice GnSh
D:6 1 runed translucent door, Crazy Yiuf


Innate Abilities, Weirdness & Mutations

You are something dangerously unstable.
You glow with magical radiation, making you easy to see and hit.
Foes you strike become dangerously contaminated with magical radiation.
You are incapable of wielding weapons or throwing items.
You cannot wear most types of armour.
You are amphibious.
You can wear up to eight rings at the same time.
Your skin changes colour to match your surroundings (Stealth+).
Your rubbery body absorbs attacks. (AC +1, EV +1)
((You are camouflaged when in or above water. (Stealth+)))
You have tentacles for arms and can constrict up to eight enemies at once.


Message History

You constrict the orc wizard. The orc wizard closely misses you.
You tentacle-slap the orc wizard.
The orc wizard begins to glow.
The orc wizard is heavily wounded.
You constrict the orc wizard. The orc wizard barely misses you.
You tentacle-slap the orc wizard.
The orc wizard glows dangerously bright.
You squeeze the orc wizard.
The orc wizard is almost dead.
You constrict the orc wizard.
You kill the orc wizard!
No target in view!
You start resting.
HP restored.
Items here: )) [[ †.
A scorpion comes into view.
There is a stone staircase leading up here.
You see here a scroll of fog.
The scorpion barely misses you.
You tentacle-slap the scorpion but do no damage.
The scorpion begins to glow.
Your grab misses the scorpion.
You squeeze the scorpion, but do no damage.
The scorpion misses you.
You tentacle-slap the scorpion but do no damage.
The scorpion glows dangerously bright.
Your grab misses the scorpion. The scorpion stings you.
You tentacle-slap the scorpion.
The scorpion shudders as magic cascades through it!!
You kill the scorpion!
No target in view!
No target in view!
No target in view!
No target in view!
h - 2 scrolls of fog (gained 1)
l - a coppery potion
r - 2 scrolls of identify (gained 1)
o - a wand of acid (2)
A malevolent force fills the Dungeon...
With a horrendous wail, an alarm goes off!
A sentinel's mark forms upon you.
You hear a shout! x3; You hear an angry growl.
You hear a shout! x2
No target in view!
No target in view!
No target in view!
A white imp comes into view.
A bullfrog comes into view.
An ufetubus comes into view.
There are monsters nearby!
There are monsters nearby!
The white imp gestures at you. The puff of frost hits you!
An ufetubus comes into view.
The bullfrog hits you. The bullfrog hits you.
You tentacle-slap the bullfrog.
The bullfrog begins to glow.
You grab the bullfrog.
The bullfrog is moderately wounded.
You constrict the bullfrog. The bullfrog hits you.
The bullfrog barely misses you.
You constrict the bullfrog. The bullfrog hits you.
A jelly comes into view.
You tentacle-slap the bullfrog but do no damage.
The bullfrog glows dangerously bright.
The bullfrog is severely wounded.
You constrict the bullfrog. The bullfrog hits you. x2
You tentacle-slap the bullfrog.
You kill the bullfrog!
You tentacle-slap the white imp.
The white imp begins to glow.
You grab the white imp.
You squeeze the white imp, but do no damage.
The white imp is moderately wounded.
You constrict the white imp. The white imp gestures at you.
The puff of frost hits you.
A wight comes into view. It is wielding a +0 battleaxe.
You tentacle-slap the white imp.
The white imp glows dangerously bright.
You squeeze the white imp.
The white imp is severely wounded.
You constrict the white imp. The white imp hits you. The white imp freezes you.
The jelly hits you. The acid corrodes you!
You are splashed with acid.
You are too injured to fight recklessly!
You are too injured to fight recklessly!
You are too injured to fight recklessly!
You tentacle-slap the jelly.
The jelly begins to glow.
Your tentacles burn!
The jelly is lightly wounded.
You constrict the white imp. The white imp hits you. The white imp freezes you.
* * * LOW HITPOINT WARNING * * *
A wight comes into view. It is wielding a +3 battleaxe.
The jelly hits you.
* * * LOW HITPOINT WARNING * * *
You are splashed with acid.
* * * LOW HITPOINT WARNING * * *
You tentacle-slap the jelly.
The jelly glows dangerously bright.
Your tentacles burn!
* * * LOW HITPOINT WARNING * * *
You squeeze the jelly.
The jelly is severely wounded.
You constrict the white imp, but do no damage.
The white imp hits you.
* * * LOW HITPOINT WARNING * * *
The white imp freezes you.
You die...

#.# #. #.#
## #.# #.#
#.#
...#####.#
...55..55#
...#####5#
#p#
##J########
#..z......#
##.#.####.#
###z# #.#
#.# #.# #.#
#.# # #.#
#.# ## #.#
#.# ####.


You could see a jelly (heavy contam), 2 wights, a white imp (heavy contam) and 2
ufetubi.

Vanquished Creatures
  Grinder (D:4)
  A sky beast (D:6)
  An orc warrior (D:6)
  2 ice beasts
  2 ogres
  A phantom (D:2)
  A kobold brigand (D:6)
  3 scorpions
  A bullfrog (D:7)
  2 hounds
  4 jellies
  An orc priest (D:7)
  2 iguanas
  A sleepcap (D:4)
  Natasha (thrice) (D:2)
  3 orc wizards
  Robin (D:3)
  7 adders
  6 gnolls
  A shadow imp (D:6)
  3 white imps
  4 ufetubi (D:6)
  A worm (D:4)
  3 dart slugs
  18 orcs
  6 bats
  6 endoplasms
  6 giant cockroaches
  12 goblins
  6 hobgoblins
  15 jackals
  13 kobolds
  4 quokkas
  8 ball pythons
  4 frilled lizards
  9 rats
162 creatures vanquished.

Notes
Turn   | Place    | Note
-------+----------+-------------------------------------------
     0 | D:1      | Flugslaktarn the Octopode Shapeshifter began the quest for
                  | the Orb.
     0 | D:1      | Reached XP level 1. HP: 13/13 MP: 1/1
     2 | D:1      | Noticed an armataur
     2 | D:1      | Noticed a formicid
     4 | D:1      | Noticed a vampire
     4 | D:1      | Noticed a vine stalker
     6 | D:1      | Noticed a tengu
     6 | D:1      | Noticed a meteoran
     8 | D:1      | Noticed a spriggan
     8 | D:1      | Noticed a felid
    10 | D:1      | Noticed a gargoyle
    12 | D:1      | Noticed an elf
    12 | D:1      | Noticed a human
    14 | D:1      | Noticed a merfolk
    14 | D:1      | Noticed a ghoul
    18 | D:1      | Noticed a troll
    18 | D:1      | Noticed a naga
    20 | D:1      | Noticed a demonspawn
    20 | D:1      | Noticed a draconian
    22 | D:1      | Noticed an octopode
    22 | D:1      | Noticed an ogre
    24 | D:1      | Noticed a demigod
    24 | D:1      | Noticed a troll
    26 | D:1      | Noticed a vine stalker
    26 | D:1      | Noticed a human
    60 | D:1      | Reached XP level 2. HP: 14/18 MP: 2/2
   215 | D:1      | Reached XP level 3. HP: 23/23 MP: 3/3
  1137 | D:2      | Noticed a phantom
  1168 | D:2      | Reached XP level 4. HP: 16/29 MP: 4/4
  1176 | D:2      | Killed a phantom
  1177 | D:2      | Reached skill level 4 in Shapeshifting
  1177 | D:2      | Reached XP level 5. HP: 13/35 MP: 5/5
  1756 | D:2      | Noticed Natasha
  1761 | D:2      | Killed Natasha
  2394 | D:2      | Noticed Natasha
  2528 | D:2      | Killed Natasha
  2617 | D:2      | Noticed Natasha
  2625 | D:2      | Killed Natasha
  2626 | D:2      | Reached XP level 6. HP: 21/41 MP: 6/6
  2965 | D:3      | Reached skill level 5 in Shapeshifting
  3030 | D:3      | Noticed a +0 dagger
  3030 | D:3      | Noticed a +0 short sword
  3030 | D:3      | Noticed a +0 falchion
  3101 | D:3      | Noticed a +0 short sword
  3102 | D:3      | Noticed a +0 spear
  3104 | D:3      | Noticed a +0 spear
  3104 | D:3      | Noticed a +0 dagger
  3105 | D:3      | Noticed a +0 falchion
  3158 | D:3      | Noticed Robin
  3193 | D:3      | Killed Robin
  3472 | D:3      | Found a hide-covered altar of Uskayaw.
  4021 | D:4      | Reached XP level 7. HP: 46/46 MP: 7/7
  4034 | D:4      | Found Nuteyfoo's Jewellery Shoppe.
  4039 | D:4      | Found Moliss's Weapon Shoppe.
  4121 | D:4      | Found Gitaub's Weapon Emporium.
  4236 | D:4      | Noticed Grinder
  4246 | D:4      | Killed Grinder
  4247 | D:4      | Reached skill level 5 in Unarmed Combat
  4247 | D:4      | Reached skill level 6 in Shapeshifting
  4254 | D:4      | Found Feqiusse's Book Shoppe.
  4393 | D:4      | Found Esetis's Weapon Shoppe.
  4848 | D:5      | Entered Level 5 of the Dungeon
  4898 | D:5      | Reached XP level 8. HP: 42/54 MP: 8/8
  5337 | D:5      | Found a runed translucent gate.
  5337 | D:5      | Found a runed translucent gate.
  5337 | D:5      | Found a runed translucent gate.
  5337 | D:5      | Noticed Karim's ghost (novice GnSh)
  5559 | D:5      | Reached skill level 7 in Shapeshifting
  6875 | D:6      | Found an ancient bone altar of Kikubaaqudgha.
  6887 | D:6      | Reached skill level 5 in Fighting
  7133 | D:6      | Found a radiant altar of Vehumet.
  7691 | D:6      | Found a staircase to the Ecumenical Temple.
  7945 | D:6      | Reached XP level 9. HP: 23/61 MP: 9/9
  8210 | D:6      | Found a runed translucent door.
  8211 | D:6      | Noticed Crazy Yiuf
  8579 | Temple   | Entered the Ecumenical Temple
  8585 | Temple   | Became a worshipper of Ashenzari the Shackled
  8656 | D:7      | Reached skill level 8 in Shapeshifting
  8766 | D:7      | Slain by a white imp

Illustrated notes

Levels and vault maps discovered:
D:1:      kb_arrival_jail, layout_basic
D:2:      layout_loops_ring, minmay_surrounded, uniq_natasha
D:3:      layout_basic, nicolae_uskayaw_en_pointe, serial_forest,
          infiniplex_forest_lined_ring, infiniplex_forest_end_3,
          infiniplex_forest_clump_medium, infiniplex_forest_clump_curved,
          infiniplex_forest_zigzag_1, infiniplex_forest_end_1,
          infiniplex_forest_straight_2, infiniplex_forest_fountain, uniq_robin
D:4:      layout_loops_ring, serial_shops, nicolae_shop_rolling_square,
          nicolae_stop_n_shop_2, nicolae_shop_crystal, shop, shop, uniq_grinder
D:5:      layout_layer_cave, gammafunk_ghost_nasty_kobolds
D:6:      layout_gridville, minmay_temple_entry_butterflies, serial_glass,
          glass_columns_a, glass_columns_a, glass_columns_c, glass_columns_a,
          glass_columns_b, glass_columns_a, glass_columns_c, glass_columns_a,
          hangedman_feature_mirror, minmay_misc_feat_encased,
          chequers_serial_rivers_large_b, uniq_crazy_yiuf_cottage
D:7:      layout_loops_ring
Temple:   nicolae_temple_x_marks_the_god

Skill      XL: |  1  2  3  4  5  6  7  8  9 |
---------------+----------------------------+-----
Fighting       | 2 3 4 5 |  5.8
Shapeshifting  | 4 5 6 7 8 |  8.1
Unarmed Combat | 4 5 6 |  6.5
Dodging        | |  2.0

Action                     |  1- 3 |  4- 6 |  7- 9 || total
---------------------------+-------+-------+-------++-------
  Melee: Unarmed           |    79 |   112 |   177 ||   368
         Tentacles         |    13 |    23 |    53 ||    89
         Constrict         |    23 |    32 |    46 ||   101
         Punch             |     1 |     7 |     7 ||    15
    Use: Potion            |     1 |     3 |     2 ||     6
         Scroll            |       |     4 |     4 ||     8
   Stab: Sleeping          |     5 |     3 |     5 ||    13
 Armour: Skin              |    58 |    60 |   112 ||   230
  Dodge: Dodged            |    43 |    52 |   113 ||   208
   Form: Flux              |       |       |     1 ||     1

Table legend: (Time is in decaauts)
 A = Elapsed time spent in this place.
 B = Non-inter-level travel time spent in this place.
 C = Inter-level travel time spent in this place.
 D = Time resting spent in this place.
 E = Time spent auto-exploring this place.
 F = Levels seen in this place.
 G = Mean time per level.
                   A        B        C        D        E       F      G
               +--------+--------+--------+--------+--------+-----+--------+
         Total |   8744 |   8494 |    250 |   1874 |   5540 |   8 | 1093.0 |
       Dungeon |   8731 |   8481 |    250 |   1874 |   5540 |   7 | 1247.3 |
        Temple |     12 |     12 |      0 |      0 |      0 |   1 |   12.0 |
               +--------+--------+--------+--------+--------+-----+--------+

Top non-repeatable levels by time:
     D:6: 1744 daAuts
     D:2: 1659 daAuts
     D:5: 1465 daAuts
     D:4: 1261 daAuts
     D:1: 1248 daAuts
     D:3: 930 daAuts
     D:7: 422 daAuts
  Temple: 12 daAuts
